 Dungeon Crawl Stone Soup version 0.30-a0-377-g5cb311bc9f (webtiles) character file.

Game seed: 6978356936074412077

35 Shayle the Conjurer (level 3, -14/28 HPs)
             Began as a Demonspawn Reaver on Nov 30, 2022.
             Killed by an exploding hobgoblin (30 damage)
             ... ignited by their inner flame
             ... on level 2 of the Dungeon.
             The game lasted 00:03:45 (1174 turns).

Shayle the Conjurer (Demonspawn Reaver)             Turns: 1174, Time: 00:03:48

Health: -14/28     AC:  4    Str: 12    XL:     3   Next: 17%
Magic:  6/6        EV: 11    Int: 16    God:
Gold:   79         SH:  3    Dex: 11    Spells: 5/6 levels left

rFire   . . .      SeeInvis .    e - +0 war axe
rCold   . . .      Faith    .    a - +0 buckler
rNeg    . . .      Spirit   .    b - +0 leather armour
rPois   .          Reflect  .    d - +0 helmet
rElec   .          Harm     .    (no cloak)
rCorr   .          Rampage  .    (no gloves)
Will    .....                    (no boots)
Stlth   +.........               (no amulet)
HPRegen 0.24/turn                (no ring)
MPRegen 0.10/turn                (no ring)

@: weak-willed
A: condensation shield
a: no special abilities


You were on level 2 of the Dungeon.
You visited 1 branch of the dungeon, and saw 2 of its levels.

You collected 79 gold pieces.

Inventory:

Hand Weapons
 e - a +0 war axe (weapon)
Armour
 a - a +0 buckler (worn)
 b - a +0 leather armour (worn)
 d - a +0 helmet (worn)
Jewellery
 j - an amulet of reflection
Scrolls
 c - a scroll of summoning
 f - a scroll of identify
 k - a scroll of acquirement
Potions
 g - a potion of resistance {unknown}


   Skills:
 + Level 2.4 Fighting
 + Level 3.0 Axes
 + Level 1.0 Armour
 - Level 1.7 Dodging
 + Level 1.2 Stealth
 - Level 2.0 Spellcasting
 - Level 3.0 Conjurations


You had 5 spell levels left.
You knew the following spells:

 Your Spells              Type           Power      Damage    Failure   Level
a - Kiss of Death         Conj/Necr      24%        2d7       21%         1

Your spell library contained the following spells:

 Spells                   Type           Power      Damage    Failure   Level
 Momentum Strike          Conj/Tloc      12%        3d8       30%         2
 Hailstorm                Conj/Ice       6%         3d4       52%         3


Dungeon Overview and Level Annotations

Branches:
Dungeon (2/15)

Altars:

Annotations:
D:2 Jessica


Innate Abilities, Weirdness & Mutations

A meltable shield of frost defends you. (SH +0)


Message History

The kobold closely misses you.
The goblin gives up.
The goblin gibbers meaninglessly.
The hobgoblin shouts!
The hobgoblin barely misses you. The hobgoblin attacks as you move away!
You block the hobgoblin's attack. The hobgoblin attacks as you move away!
The hobgoblin hits you. You block the hobgoblin's attack.
The hobgoblin attacks as you move away!
The hobgoblin hits you but does no damage.
The hobgoblin completely misses you.
The goblin seems to regain its courage.
The goblin howls in fear.
You block the hobgoblin's attack. You block the goblin's attack.
The hobgoblin hits you. The goblin hits you with a +0 club.
The hobgoblin shouts!
You hear a shout!
The goblin closely misses you.
Unknown command.
As you read the scroll of summoning, it crumbles to dust.
Wisps of shadow whirl around you... You block the hobgoblin's attack.
The kobold hits your worm with a +0 dagger.
The goblin closely misses you.
Unknown command.
The hobgoblin hits you. The kobold barely misses your worm.
The goblin hits you with a +0 club.
Unknown command.
The kobold hits your worm with a +0 dagger.
Your worm bites the kobold!
The kobold explodes!
The fiery explosion engulfs the adder!!
The fiery explosion engulfs the goblin!!
The fiery explosion engulfs your worm!!!
You kill your worm!
Your worm's corpse dissolves into shadows!
The fiery explosion engulfs the hobgoblin!!
The hobgoblin explodes!
The fiery explosion engulfs you!!
Your condensation shield dissipates!
Ouch! That really hurt!
You die...

#######
##.....##
#..###g.#
###.##
##§###
##S..#
#)§§##
#.g###
###§@#
###.##.#..
##g#
#...'g.'g..
#g#
#.#.##g#.g.
#.# #.#..#
# g.#
#.##... .##
#.####g# #
#...# ..#
#r..# ...


You could see a hobgoblin (inner flame, weak-willed) and 3 goblins.

Vanquished Creatures
  An adder (D:2)
  A worm (D:2)
  2 dart slugs (D:1)
  An endoplasm (D:1)
  3 giant cockroaches (D:1)
  4 goblins
  3 hobgoblins
  A quokka (D:1)
  6 ball pythons
  3 frilled lizards
  4 kobolds (D:1)
  2 rats (D:1)
31 creatures vanquished.

Vanquished Creatures (collateral kills)
  A kobold (D:2)
1 creature vanquished.

Grand Total: 32 creatures vanquished

Notes
Turn   | Place    | Note
-------+----------+-------------------------------------------
     0 | D:1      | Shayle the Demonspawn Reaver began the quest for the Orb.
     0 | D:1      | Reached XP level 1. HP: 16/16 MP: 3/3
   214 | D:1      | Gained mutation: A meltable shield of frost defends you.
                  | (SH +0) [demonic ancestry]
   214 | D:1      | Reached XP level 2. HP: 20/22 MP: 5/5
   422 | D:1      | Reached skill level 1 in Stealth
   702 | D:1      | Reached skill level 1 in Armour
   751 | D:1      | Reached XP level 3. HP: 28/28 MP: 6/6
  1104 | D:2      | Noticed Jessica
  1152 | D:2      | Identified a scroll of acquirement
  1174 | D:2      | Killed by an exploding hobgoblin... ignited by their inner
                  | flame

Illustrated notes

Levels and vault maps discovered:
D:1:      eino_arrival_water_star, layout_basic
D:2:      cheibrodos_greedy_goblins, layout_basic,
          nicolae_ecumenical_snake_handling, uniq_jessica

Skill      XL: |  1  2 |
---------------+-------+-----
Stealth        | 1 |  1.2
Axes           | 3 |  3.0
Armour         | 1 |  1.0
Fighting       | |  2.4
Dodging        | |  1.7
Spellcasting   | |  2.0
Conjurations   | |  3.0

Action                   || total
-------------------------++-------
Melee: Hand axe          ||    15
       War axe           ||    72
  Use: Scroll            ||     6
Armor: Leather armour    ||    24
Dodge: Dodged            ||    62
Block: Buckler           ||    25
       Other             ||     4

Table legend: (Time is in decaauts)
 A = Elapsed time spent in this place.
 B = Non-inter-level travel time spent in this place.
 C = Inter-level travel time spent in this place.
 D = Time resting spent in this place.
 E = Time spent auto-exploring this place.
 F = Levels seen in this place.
 G = Mean time per level.
                   A        B        C        D        E       F      G
               +--------+--------+--------+--------+--------+-----+--------+
         Total |   1205 |   1187 |     18 |      0 |    801 |   2 |  602.5 |
       Dungeon |   1205 |   1187 |     18 |      0 |    801 |   2 |  602.5 |
               +--------+--------+--------+--------+--------+-----+--------+

Top non-repeatable levels by time:
     D:1: 930 daAuts
     D:2: 275 daAuts
